 Dungeon Crawl Stone Soup version 0.31-a0-229-g1fc7ce93e2 (webtiles) character file.

Game seed: 12082844673872041787

136 qw the Shooter (level 4, -4/36 HPs)
             Began as a Minotaur Hexslinger on July 6, 2023.
             Slain by a black bear (5 damage)
             ... on level 4 of the Dungeon.
             The game lasted 00:00:48 (2440 turns).

qw the Shooter (Minotaur Hexslinger)                Turns: 2440, Time: 00:00:49

Health: -4/36      AC:  6    Str: 10    XL:     4   Next: 98%
Magic:  4/4        EV: 11    Int: 10    God:
Gold:   146        SH:  0    Dex: 27    Spells: 4/5 levels left

rFire   + . .        Y - +1 sling
rCold   . . .        (no shield)
rNeg    . . .        d - +0 ring mail
rPois   .            (helmet restricted)
rElec   +            i - +0 cloak
rCorr   .            (no gloves)
SInv    .            (no boots)
Will    .....        (no amulet)
Stlth   +            e - +6 ring of dexterity
HPRegen 0.26/turn    c - ring of Nuduej {rElec rF+ Str-2 Dex+6}
MPRegen 0.09/turn

%: no passive effects
@: no status effects
A: horns 2, retaliatory headbutt
a: no special abilities


You were on level 4 of the Dungeon.
You visited 1 branch of the dungeon, and saw 4 of its levels.

You collected 146 gold pieces.


Innate Abilities, Weirdness & Mutations

You have a pair of horns on your head.
You reflexively headbutt those who attack you in melee.


   Skills:
 + Level 2.2 Fighting
 - Level 5.2 Ranged Weapons
 - Level 1.1 Armour
 - Level 2.1 Dodging
 - Level 1.0 Spellcasting
 - Level 2.0 Hexes


You had 4 spell levels left.
You knew the following spells:

 Your Spells              Type           Power      Damage    Failure   Level
a - Slow                  Hex            16%        N/A       36%         1

Your spell library contained the following spells:

 Spells                   Type           Power      Damage    Failure   Level
 Inner Flame              Hex/Fire       2%         N/A       86%         3
 Portal Projectile        Hex/Tloc       4%         N/A       86%         3
 Cause Fear               Hex            2%         N/A       98%         4

Inventory:

Hand Weapons
 Y - a +1 sling (weapon)
Armour
 d - a +0 ring mail (worn)
 i - a +0 cloak (worn)
Jewellery
 c - the ring of Nuduej (right hand) {rElec rF+ Str-2 Dex+6}
   (You found it on level 3 of the Dungeon)

   [ring of dexterity]

   Str:       It affects your strength (-2).
   Dex:       It affects your dexterity (+6).
   rF:        It protects you from fire.
   rElec:     It insulates you from electricity.
 e - a +6 ring of dexterity (left hand)
Scrolls
 f - a scroll of vulnerability {unknown}
Potions
 a - a potion of enlightenment {unknown}
 b - a potion of berserk rage {unknown}
 h - a potion of curing
 j - a potion of haste

Dungeon Overview and Level Annotations

Branches:
Dungeon (4/15)
 Temple: D:4-7

Altars:
Elyvilon


Message History

The black bear barely misses you.
You shoot a sling bullet. The sling bullet hits the black bear.
The black bear is moderately wounded.
The black bear bites you.
The black bear claws you but does no damage.
The black bear misses you.
You shoot a sling bullet. The sling bullet hits the black bear.
The black bear is heavily wounded.
The black bear barely misses you. The black bear closely misses you. x2
You shoot a sling bullet.
The sling bullet completely misses the black bear.
The black bear bites you. The black bear misses you.
The black bear claws you but does no damage.
The black bear barely misses you.
The black bear claws you but does no damage. x2
You shoot a sling bullet.
The sling bullet hits the black bear but does no damage.
The black bear is heavily wounded.
The black bear bites you.
The black bear claws you but does no damage. x2
You shoot a sling bullet. The sling bullet hits the black bear!
The black bear is almost dead.
The black bear bites you.
The black bear claws you but does no damage.
The black bear claws you.
You shoot a sling bullet.
The sling bullet barely misses the black bear.
The black bear bites you. The black bear claws you.
The black bear barely misses you.
You shoot a sling bullet.
The sling bullet hits the black bear but does no damage.
The black bear is almost dead.
The black bear goes berserk!
The black bear barely misses you.
The black bear claws you but does no damage.
The black bear misses you.
You shoot a sling bullet. The sling bullet hits the black bear.
The black bear is almost dead.
The black bear bites you! The black bear closely misses you.
The black bear claws you.
You die...

#####..###..##
...........##
..........## #####....#
##...# ##...# ####....#
#.....)## ##@....#
###### #h....# .h...#
#....## ####.# ##....##
# #.## ##......##
####..#### ###........#
#........###.....###....
#####.....###....# ##..
#.....h......# ##


You could see a black bear (berserk).

Vanquished Creatures
  A hound (D:4)
  5 adders
  A worm (D:2)
  2 dart slugs
  3 orcs (D:3)
  3 endoplasms
  A giant cockroach (D:1)
  5 goblins
  4 hobgoblins
  3 jackals (D:1)
  3 quokkas
  A ball python (D:1)
  5 bats
  2 frilled lizards
  7 kobolds
  5 rats
51 creatures vanquished.

Notes
Turn   | Place    | Note
-------+----------+-------------------------------------------
     0 | D:1      | qw the Minotaur Hexslinger began the quest for the Orb.
     0 | D:1      | Reached XP level 1. HP: 16/16 MP: 1/1
     0 | D:1      | 0 ||| qw: Version: 0.3-a-46-gb1f654a
     0 | D:1      | 0 ||| qw: Game counter: 1631
     0 | D:1      | 0 ||| qw: Melee chars always use a shield: true
     0 | D:1      | 0 ||| qw: God list: Okawaru
     0 | D:1      | 0 ||| qw: Allow faded altars: false
     0 | D:1      | 0 ||| qw: Do Orc after clearing Dungeon:15 true
     0 | D:1      | 0 ||| qw: Do second Lair branch before Depths: true
     0 | D:1      | 0 ||| qw: Lair rune preference: random
     0 | D:1      | 0 ||| qw: Goals: Normal
     0 | D:1      | 0 ||| PLANNING D:1-11
   289 | D:1      | Reached skill level 3 in Ranged Weapons
   289 | D:1      | Reached XP level 2. HP: 23/23 MP: 2/2
   738 | D:1      | Reached XP level 3. HP: 22/29 MP: 3/3
  1069 | D:1      | 1069 ||| UPGRADING to +0 ring mail.
  1079 | D:1      | 1079 ||| DROPPING +0 robe.
  1080 | D:1      | 1080 ||| UPGRADING to +6 ring of dexterity.
  1081 | D:1      | 1081 ||| READING scroll labelled KIRERI ZEJUCS.
  1082 | D:1      | 1082 ||| READING scroll labelled EVAR PIYFRO.
  1083 | D:1      | 1083 ||| DROPPING scroll of poison.
  1140 | D:2      | Reached skill level 4 in Ranged Weapons
  1161 | D:2      | Reached skill level 1 in Armour
  1164 | D:2      | HP: 7/29 [poisoned by an adder]
  1419 | D:2      | Reached XP level 4. HP: 36/36 MP: 4/4
  1550 | D:2      | 1550 ||| READING scroll labelled UKHUJU HUSUNGE.
  1554 | D:2      | 1554 ||| READING scroll labelled UVUIHO ILYIQ.
  1555 | D:2      | 1555 ||| DRINKING 2 dark potions.
  1964 | D:3      | Identified the ring of Nuduej {rElec rF+ Str-2 Dex+6}
  2214 | D:3      | 2214 ||| UPGRADING to +0 cloak.
  2219 | D:3      | 2219 ||| UPGRADING to ring of Nuduej {rElec rF+ Str-2
                  | Dex+6}.
  2220 | D:3      | 2220 ||| DROPPING ring of fire.
  2221 | D:3      | 2221 ||| DROPPING +6 ring of intelligence.
  2222 | D:3      | 2222 ||| READING scroll labelled IGHIGR FORAE.
  2223 | D:3      | 2223 ||| DRINKING 2 inky potions.
  2338 | D:4      | Reached skill level 5 in Ranged Weapons
  2385 | D:4      | Found a white marble altar of Elyvilon.
  2398 | D:4      | Noticed a black bear
  2401 | D:4      | 2401 ||| FLEEEEING.
  2403 | D:4      | 2403 ||| FLEEEEING.
  2404 | D:4      | 2404 ||| FLEEEEING.
  2406 | D:4      | 2406 ||| FLEEEEING.
  2407 | D:4      | 2407 ||| FLEEEEING.
  2409 | D:4      | 2409 ||| FLEEEEING.
  2410 | D:4      | 2410 ||| FLEEEEING.
  2411 | D:4      | 2411 ||| FLEEEEING.
  2413 | D:4      | 2413 ||| FLEEEEING.
  2414 | D:4      | 2414 ||| FLEEEEING.
  2415 | D:4      | 2415 ||| FLEEEEING.
  2416 | D:4      | 2416 ||| FLEEEEING.
  2417 | D:4      | 2417 ||| FLEEEEING.
  2418 | D:4      | 2418 ||| FLEEEEING.
  2419 | D:4      | 2419 ||| FLEEEEING.
  2420 | D:4      | 2420 ||| FLEEEEING.
  2421 | D:4      | 2421 ||| FLEEEEING.
  2423 | D:4      | 2423 ||| FLEEEEING.
  2424 | D:4      | 2424 ||| FLEEEEING.
  2425 | D:4      | 2425 ||| FLEEEEING.
  2426 | D:4      | 2426 ||| FLEEEEING.
  2427 | D:4      | 2427 ||| FLEEEEING.
  2440 | D:4      | HP: 1/36 [black bear (11)]
  2440 | D:4      | Slain by a black bear

Levels and vault maps discovered:
D:1:      minmay_arrival_five_plusses, layout_loops_corners,
          minmay_misc_feat_tiny, dk_noncrumbling_2, hangedman_feature_mirror,
          chequers_serial_rivers_micro_e
D:2:      layout_rooms
D:3:      layout_basic
D:4:      layout_layer_cave, nicolae_overflow_crystal_walls,
          fiery_altar_vehumet, minitemple

Skill      XL: |  1  2  3  4 |
---------------+-------------+-----
Ranged Weapons | 3 4 5 |  5.2
Fighting       | 2 |  2.2
Armour         | 1 |  1.1
Dodging        | |  2.1
Spellcasting   | |  1.0
Hexes          | |  2.0

Action                     |  1- 3 |  4- 6 || total
---------------------------+-------+-------++-------
   Fire: Sling             |   101 |    52 ||   153
    Use: Scroll            |     2 |     3 ||     5
         Potion            |       |     2 ||     2
 Armour: Robe              |     4 |       ||     4
         Ring mail         |     7 |    12 ||    19
  Dodge: Dodged            |    34 |    22 ||    56

Table legend:
 A = Non-vault XP
 B = Vault XP
 C = Vault XP percentage of total XP
 D = Non-vault monster count
 E = Vault monster count
 F = Vault count percentage of total count
                 A         B        C        D         E       F
            +---------+---------+-------+---------+---------+-------
      Total |     192 |       3 |   1.5 |      49 |       2 |   3.9
            +---------+---------+-------+---------+---------+-------
        D:1 |      38 |       3 |   7.3 |      20 |       2 |   9.1
        D:2 |      57 |       0 |   0.0 |      10 |       0 |   0.0
        D:3 |      23 |       0 |   0.0 |      14 |       0 |   0.0
        D:4 |      74 |       0 |   0.0 |       5 |       0 |   0.0
            +---------+---------+-------+---------+---------+-------
